 Dungeon Crawl Stone Soup version 0.22.1-1-ga44c0e56f4 (webtiles) character file.

8141 Ihlosi the Fighter (level 11, 0/131 HPs)
             Began as an Ogre Gladiator on Nov 4, 2018.
             Was a High Priest of Okawaru.
             Slain by a seven-headed hydra (8 damage)
             ... on level 1 of the Lair of Beasts.
             The game lasted 00:44:45 (12654 turns).

Ihlosi the Fighter (Ogre Gladiator)                Turns: 12654, Time: 00:44:47

Health: 0/131      AC:  6    Str: 20    XL:     11   Next: 26%
Magic:  14/14      EV: 20    Int:  9    God:    Okawaru [*****.]
Gold:   632        SH:  0    Dex: 18    Spells: 12/12 levels left

rFire    + . .     SeeInvis .   a - +4 falchion (elec)
rCold    . . .     Gourm    +   (no shield)
rNeg     . . .     Faith    .   u - +2 robe {rF+}
rPois    .         Spirit   .   c - +1 hat
rElec    .         Reflect  .   (no cloak)
rCorr    .         Harm     .   (gloves unavailable)
MR       ++...                  (boots unavailable)
Stlth    +++.......             i - amulet of the gourmand
HPRegen  0.31/turn              x - +1 ring of slaying
MPRegen  0.14/turn              p - ring of protection from magic

@: agile
A: large, unfitting armour, tough skin 1
a: Heroism, Finesse, Renounce Religion


You were on level 1 of the Lair of Beasts.
You worshipped Okawaru.
Okawaru was extremely pleased with you.
You were completely stuffed.

You visited 3 branches of the dungeon, and saw 12 of its levels.

You collected 632 gold pieces.

Inventory:

Hand Weapons
 a - a +4 falchion of electrocution (weapon)
 b - a +0 flail
 I - a +1 giant spiked club of freezing
Missiles
 m - 11 javelins of penetration (quivered)
Armour
 c - a +1 hat (worn)
 u - a +2 robe of fire resistance (worn)
Magical Staves
 s - an uncursed staff of energy
Jewellery
 i - an amulet of the gourmand (around neck)
 o - an uncursed ring of magical power
 p - a ring of protection from magic (right hand)
 x - a +1 ring of slaying (left hand)
 G - an uncursed ring of flight
Wands
 w - a wand of clouds (2)
 C - a wand of enslavement (14)
Scrolls
 d - 8 scrolls of remove curse
 g - a scroll of teleportation
 l - a scroll of immolation
 q - a scroll of noise
 z - 5 scrolls of identify
 E - 2 scrolls of amnesia
Potions
 e - a potion of agility
 j - a potion of heal wounds
 k - 3 potions of brilliance
 n - 2 potions of ambrosia
 t - a potion of might
 v - 3 potions of curing
 K - a potion of resistance
Miscellaneous
 h - a lightning rod (inert)
Comestibles
 f - 10 rations


   Skills:
 * Level 14.9 Fighting
 * Level 6.9 Maces & Flails
 * Level 4.2 Throwing
 - Level 1.0 Armour
 + Level 8.0 Dodging
 - Level 1.0 Spellcasting
 * Level 4.3 Invocations
 - Level 1.0 Evocations


You had 12 spell levels left.
You didn't know any spells.
Your spell library contained the following spells:

 Spells                   Type           Power        Failure   Level  Hunger
 Confusing Touch          Hex            #.....       36%         1    ##.....
 Summon Small Mammal      Summ           #...         36%         1    ##.....
 Call Imp                 Summ           #.......     50%         2    ###....
 Call Canine Familiar     Summ           #.......     73%         3    ####...
 Confuse                  Hex            #.......     73%         3    ####...
 Gell's Gravitas          Tloc           #.........   73%         3    ####...
 Summon Guardian Golem    Hex/Summ       #.......     73%         3    ####...
 Petrify                  Tmut/Erth      #.......     98%         4    #####..
 Summon Ice Beast         Ice/Summ       #.......     98%         4    #####..
 Summon Lightning Spire   Summ/Air       #.......     98%         4    #####..
 Metabolic Englaciation   Hex/Ice        #.........   100%        5    ######.
 Yara's Violent Unravell  Hex/Tmut       #.........   100%        5    ######.


Dungeon Overview and Level Annotations

Branches:
Dungeon (10/15)            Temple (1/1) D:6            Lair (1/6) D:9
    Orc: D:9-12

Altars:
Ashenzari
Cheibriados
Dithmenos
Elyvilon
Fedhas
Gozag
Hepliaklqana
Kikubaaqudgha
Makhleb
Nemelex Xobeh
Okawaru
Qazlal
Ru
Sif Muna
Trog
Uskayaw
Vehumet
Wu Jian
Xom
Yredelemnul
Zin
The Shining One

Annotations:
D:4 Hippogriff
D:10 Josephine!, Fannar, Josephine


Innate Abilities, Weirdness & Mutations

You are too large for most types of armour.
You have tough skin. (AC +1)


Message History

Press: ? - help, Shift-Dir - straight line, p - seven-headed hydra You throw a javelin of penetration.
The javelin of penetration pierces through the seven-headed hydra!!
The seven-headed hydra is almost dead.
The javelin of penetration pierces through the water moccasin!
The water moccasin is moderately wounded.
The seven-headed hydra misses you.
The seven-headed hydra completely misses you.
The seven-headed hydra closely misses you. x2
The seven-headed hydra bites you!
* * * LOW HITPOINT WARNING * * *
The seven-headed hydra bites you but does no damage.
The seven-headed hydra bites you.
* * * LOW HITPOINT WARNING * * *
The seven-headed hydra bites you.
* * * LOW HITPOINT WARNING * * *
The seven-headed hydra bites you!
* * * LOW HITPOINT WARNING * * *
The seven-headed hydra misses you. The seven-headed hydra bites you!
You die...

##...................
#...................
#...................
#...................
#....####...........
#...#...........###.
##...+...........#...
#....#.....#.....#...
#...@DS.(........#...
##...#...........#...
#...#..[..#.....#...
#...#...............
#...#.....+.....####
#.....#.###.........
#...................
#...................
#...................


You could see a seven-headed hydra and a water moccasin.

Vanquished Creatures
  Harold (D:9)
  2 spiny frogs (Lair:1)
  A komodo dragon (D:9)
  2 hippogriffs
  A spriggan (D:7)
  A wyvern (Lair:1)
  A wraith (D:9)
  Grum (D:9)
  8 yaks
  2 hungry ghosts
  Menkaure (D:7)
  2 water moccasins
  2 porcupines (D:9)
  2 orc warriors
  A phantom (D:10)
  2 black bears
  2 wolves (D:9)
  6 centaurs
  6 ogres
  Blork the orc (D:6)
  6 bullfrogs
  A water moccasin zombie (D:5)
  7 scorpions
  2 howler monkeys
  A crimson imp (D:8)
  2 bullfrog zombies (D:7)
  A centaur zombie (D:7)
  5 hounds
  4 orc priests
  4 centaur skeletons
  A bullfrog skeleton (D:7)
  2 iguanas
  Ijyb (D:4)
  8 orc wizards
  7 worker ants
  A hound skeleton (D:6)
  6 gnolls
  10 adders
  An ooze (D:3)
  An adder zombie (D:9)
  3 worms
  2 dart slugs
  5 leopard geckos
  36 orcs
  3 giant cockroaches
  6 goblins
  5 hobgoblins (D:1)
  6 jackals
  A quokka (D:8)
  2 ball pythons (D:4)
  9 bats
  4 frilled lizards
  9 kobolds
  A quokka zombie (D:5)
  4 rats
212 creatures vanquished.

Vanquished Creatures (others)
  9 fungi
  8 plants
17 creatures vanquished.

Grand Total: 229 creatures vanquished

Notes
Turn   | Place    | Note
-------+----------+-------------------------------------------
     0 | D:1      | Ihlosi the Ogre Gladiator began the quest for the Orb.
     0 | D:1      | Reached XP level 1. HP: 22/22 MP: 1/1
    74 | D:1      | Reached XP level 2. HP: 25/29 MP: 2/2
    75 | D:1      | Reached skill level 3 in Fighting
   325 | D:1      | Reached XP level 3. HP: 37/37 MP: 3/3
  1262 | D:2      | Reached XP level 4. HP: 28/48 MP: 4/4
  2023 | D:2      | Reached skill level 4 in Fighting
  2822 | D:3      | Found an ancient bone altar of Kikubaaqudgha.
  2863 | D:3      | Reached XP level 5. HP: 38/55 MP: 5/5
  3598 | D:4      | Noticed Ijyb
  3742 | D:4      | Reached skill level 5 in Fighting
  3801 | D:4      | Reached XP level 6. HP: 47/66 MP: 6/6
  3842 | D:4      | Killed Ijyb
  4177 | D:4      | Found a shadowy altar of Dithmenos.
  4345 | D:4      | Reached skill level 1 in Spellcasting
  4394 | D:4      | Noticed a hippogriff
  4413 | D:5      | Entered Level 5 of the Dungeon
  4477 | D:5      | Reached skill level 6 in Fighting
  4477 | D:5      | Reached skill level 1 in Evocations
  4477 | D:5      | Reached XP level 7. HP: 47/75 MP: 8/8
  5040 | D:5      | Reached skill level 5 in Maces & Flails
  5407 | D:5      | Reached skill level 7 in Fighting
  5645 | D:4      | Killed a hippogriff
  5645 | D:4      | Reached XP level 8. HP: 88/88 MP: 9/9
  5745 | D:6      | Found a staircase to the Ecumenical Temple.
  5884 | D:6      | Found a blossoming altar of Fedhas.
  5888 | D:6      | Reached skill level 8 in Fighting
  6298 | Temple   | Entered the Ecumenical Temple
  6665 | D:6      | Noticed Blork the orc
  6678 | D:6      | Killed Blork the orc
  6754 | D:6      | Reached skill level 5 in Dodging
  6835 | D:6      | Found an iron altar of Okawaru.
  6840 | D:6      | Became a worshipper of Warmaster Okawaru
  6959 | D:6      | Found a hazy altar of Hepliaklqana.
  7090 | D:6      | Reached skill level 9 in Fighting
  7433 | D:7      | Noticed Menkaure
  7576 | D:7      | Reached skill level 1 in Invocations
  7754 | D:7      | Reached XP level 9. HP: 83/101 MP: 10/10
  7766 | D:7      | Reached skill level 10 in Fighting
  7903 | D:7      | Killed Menkaure
  7903 | D:7      | Reached * piety under Okawaru
  7982 | D:7      | Found a stormy altar of Qazlal.
  8041 | D:7      | Reached skill level 11 in Fighting
  8840 | D:8      | Found a sacrificial altar of Ru.
  9309 | D:8      | Reached skill level 12 in Fighting
  9315 | D:8      | Reached ** piety under Okawaru
  9838 | D:9      | Reached XP level 10. HP: 87/117 MP: 12/12
 10043 | D:9      | Reached skill level 1 in Armour
 10100 | D:9      | Found a shattered altar of Ashenzari.
 10100 | D:9      | Found a bloodstained altar of Trog.
 10101 | D:9      | Found a glowing silver altar of Zin.
 10355 | D:9      | Reached skill level 13 in Fighting
 10531 | D:9      | Found a staircase to the Lair.
 10576 | D:9      | Noticed Grum
 10590 | D:9      | Killed Grum
 10591 | D:9      | Reached *** piety under Okawaru
 10938 | D:9      | Found an iron altar of Okawaru.
 11082 | D:9      | Noticed Harold
 11110 | D:9      | Killed Harold
 11110 | D:9      | Received a gift from Okawaru
 11203 | Lair:1   | Entered Level 1 of the Lair of Beasts
 11403 | D:9      | Reached skill level 14 in Fighting
 11408 | D:9      | Reached **** piety under Okawaru
 11981 | D:10     | Entered Level 10 of the Dungeon
 12010 | D:10     | Noticed Fannar
 12100 | D:9      | Reached XP level 11. HP: 96/131 MP: 13/13
 12209 | D:10     | Noticed Josephine
 12499 | Lair:1   | Reached ***** piety under Okawaru
 12623 | Lair:1   | Noticed a six-headed hydra
 12654 | Lair:1   | Slain by a seven-headed hydra

Skill      XL: |  1  2  3  4  5  6  7  8  9 10 11 |
---------------+----------------------------------+-----
Fighting       | 3 4 5 6 7 9 12 14 | 14.9
Maces & Flails | 3 4 5 6 |  6.9
Dodging        | 3 4 5 6 7 8 |  8.0
Spellcasting   | 1 |  1.0
Evocations     | 1 |  1.0
Throwing       | 3 4 |  4.2
Invocations    | 1 3 4 |  4.3
Armour         | 1 |  1.0

Action                   |  1- 3 |  4- 6 |  7- 9 | 10-12 || total
-------------------------+-------+-------+-------+-------++-------
Melee: Flail             |   103 |   120 |       |       ||   223
       Falchion          |       |    42 |   222 |   128 ||   392
Throw: Throwing net      |     4 |       |     2 |       ||     6
       Javelin           |     2 |    18 |     7 |    11 ||    38
Evoke: Wand              |       |       |     1 |    11 ||    12
       Lightning rod     |       |       |       |     5 ||     5
  Use: Scroll            |       |       |    16 |     7 ||    23
       Potion            |       |       |     5 |     4 ||     9
 Stab: Sleeping          |       |     2 |       |       ||     2
       Distracted        |       |       |     1 |       ||     1
  Eat: Chunk             |    12 |    10 |    18 |    13 ||    53
Armor: Robe              |    32 |    38 |    42 |    26 ||   138
       Skin              |       |       |     4 |       ||     4
Dodge: Dodged            |    74 |    94 |   162 |   138 ||   468
       Rpst.: Falchion   |       |     9 |    50 |    37 ||    96
